 Dungeon Crawl Stone Soup version 0.21-a0-210-gbfa5647 (webtiles) character file.

39 namelastname112 the Ducker (level 3, 0/31 HPs)
             Began as a Gnoll Monk on Aug 22, 2017.
             Slain by an adder (3 damage)
             ... on level 2 of the Dungeon.
             The game lasted 00:01:28 (1488 turns).

namelastname112 the Ducker (Gnoll Monk)             Turns: 1488, Time: 00:01:29

Health: 0/31       AC:  3    Str:  7    XL:     3   Next: 47%
Magic:  3/3        EV: 13    Int:  7    God:
Gold:   45         SH:  0    Dex:  7    Spells: 2/2 levels left

rFire    . . .     SeeInvis .     - Unarmed
rCold    . . .     Gourm    .   (no shield)
rNeg     . . .     Faith    .   a - +0 robe
rPois    .         Spirit   .   (no helmet)
rElec    .         Reflect  .   (no cloak)
rCorr    .         Harm     .   g - +0 pair of gloves
MR       .....                  (no boots)
Stlth    ++........             (no amulet)
HPRegen  0.10/turn              (no ring)
MPRegen  0.08/turn              (no ring)

@: lethally poisoned (0 -> -4)
A: unchanging attributes, fangs 1, strong nose
a: no special abilities


You were on level 2 of the Dungeon.
You were not hungry.

You visited 1 branch of the dungeon, and saw 2 of its levels.

You collected 45 gold pieces.

Inventory:

Armour
 a - a +0 robe (worn)
 g - a +0 pair of gloves (worn)
Scrolls
 c - a scroll of identify {unknown}
 e - 2 scrolls of enchant weapon {unknown}
 f - a scroll of teleportation {unknown}
Potions
 h - a potion of degeneration
 i - a potion of curing {unknown}
Comestibles
 b - 2 bread rations
 d - 2 meat rations
 j - a chunk of flesh


   Skills:
 + Level 4.5 Fighting
 + Level 1.5 Armour
 + Level 4.6 Dodging
 - Level 2.4 Stealth
 * Level 4.5 Unarmed Combat


You had 2 spell levels left.
You didn't know any spells.

Dungeon Overview and Level Annotations

Branches:
Dungeon (2/15)

Altars:


Innate Abilities, Weirdness & Mutations

Your physical attributes are unchanging.
You have very sharp teeth.
Your uncanny sense of smell can sniff out nearby items.


Message History

The adder is almost dead.
The adder closely misses you.
You miss the adder.
The adder is almost dead.
You feel sick. The adder completely misses you.
You closely miss the adder.
The adder is almost dead.
The adder bites you but does no damage.
You completely miss the adder.
The adder is almost dead.
The adder barely misses you. x2
You miss the adder.
The adder is almost dead.
You feel sick. The adder bites you.
* * * LOW HITPOINT WARNING * * *
You take 5 damage, and have 3/31 hp.
It was a potion of degeneration.
There was something very wrong with that liquid.
The adder bites you.
You die...

#.......# .......
#!......#.........
##.......#..........
$....<...##.........
##.......#.......... .
...$................
..######.###.†...........#
........###.###.........#
###... #.S@..###.........#
.....(##.##.......<.....#
........................#
..........................
.....###.....####.#.#.##.#
##..........## ..#.#.# #
#.......†........... .
...........###..##.#. #
.....>.......b## .#


You could see an adder.

Vanquished Creatures
  An ooze (D:1)
  A leopard gecko (D:1)
  3 giant cockroaches (D:1)
  3 goblins (D:1)
  5 hobgoblins
  6 kobolds (D:1)
  A quokka (D:2)
  2 bats (D:2)
  3 frilled lizards (D:1)
  6 rats
31 creatures vanquished.

Notes
Turn   | Place    | Note
-------+----------+-------------------------------------------
     0 | D:1      | namelastname112 the Gnoll Monk began the quest for the Orb.
     0 | D:1      | Reached XP level 1. HP: 19/19 MP: 1/1
   183 | D:1      | Reached skill level 1 in Armour
   183 | D:1      | Reached XP level 2. HP: 12/25 MP: 2/2
   613 | D:1      | Reached XP level 3. HP: 21/31 MP: 3/3
  1488 | D:2      | Slain by an adder

Vault maps used:
D:1:      shiori_arrival_whats_in_store_for_you, supply_closet_lemuel,
          hangedman_decor_clover_reticule, minmay_stone_trees_small
D:2:      gammafunk_temple_overflow_arena

Skill      XL: |  1 |
---------------+----+-----
Armour         | 1 |  1.5
Fighting       | |  4.5
Dodging        | |  4.6
Stealth        | |  2.4
Unarmed Combat | |  4.5

Action                   || total
-------------------------++-------
Melee: Unarmed           ||   148
       Bite              ||     4
  Use: Potion            ||     1
 Stab: Sleeping          ||     4
  Eat: Chunk             ||     2
Armor: Robe              ||    22
Dodge: Dodged            ||   101

Table legend:
 A = Spawn XP
 B = Non-spawn XP
 C = Spawn XP percentage of total XP
 D = Spawn monster count
 E = Non-spawn monster count
 F = Spawn count percentage of total count
 G = Total turns spent on level
                    A         B        C        D         E        F      G
               +---------+---------+-------+---------+---------+-------+---------
         Total |       2 |      55 |   3.5 |       1 |      30 |   3.2 |  1488
               +---------+---------+-------+---------+---------+-------+---------
           D:1 |       0 |      48 |   0.0 |       0 |      25 |   0.0 |  1268
           D:2 |       2 |       7 |  22.2 |       1 |       5 |  16.7 |   220
               +---------+---------+-------+---------+---------+-------+---------
